 Dungeon Crawl Stone Soup version 0.31-a0-986-g5e6e4ef867 (webtiles) character file.

Game seed: 13549782669425950998

67 AppTheSpectato the Firebug (level 4, -5/27 HPs)
             Began as an Octopode Fire Elementalist on Nov 8, 2023.
             Slain by an orc
             ... wielding a +0 trident
              (7 damage)
             ... on level 3 of the Dungeon.
             The game lasted 00:04:57 (2531 turns).

AppTheSpectato the Firebug (OpFE)                   Turns: 2531, Time: 00:04:58

Health: -5/27      AC:  1    Str:  7    XL:     4   Next: 16%
Magic:  1/7        EV: 13    Int: 19    God:
Gold:   215        SH:  0    Dex: 12    Spells: 7/8 levels left

rFire   . . .        (no weapon)
rCold   . . .        (no shield)
rNeg    . . .        (helmet restricted)
rPois   .            (no amulet)
rElec   .            (no ring)
rCorr   .            (no ring)
SInv    .            (no ring)
Will    .....        (no ring)
Stlth   +++          (no ring)
HPRegen 0.24/turn    (no ring)
MPRegen 0.10/turn    (no ring)
                     (no ring)

%: no passive effects
@: very slightly contaminated
A: almost no armour, amphibious, 8 rings, camouflage 1, gelatinous body 1,
(nimble swimmer 1), tentacles
a: no special abilities


You were on level 3 of the Dungeon.
You visited 1 branch of the dungeon, and saw 3 of its levels.

You collected 215 gold pieces.

Inventory:

Scrolls
 b - 6 scrolls of identify {unknown}
 e - a scroll of fear {unknown}
Potions
 a - a potion of magic
 c - 3 potions of curing {unknown}
 d - 3 potions of resistance {unknown}
 f - a potion of lignification {unknown}


   Skills:
 + Level 2.5 Dodging
 - Level 2.6 Stealth
 + Level 2.5 Spellcasting
 + Level 1.8 Conjurations
 * Level 3.8 Fire Magic


You had 7 spell levels left.
You knew the following spells:

 Your Spells              Type           Power      Damage    Failure   Level
a - Foxfire               Conj/Fire      52%        2x1d6     4%          1

Your spell library contained the following spells:

 Spells                   Type           Power      Damage    Failure   Level
 Scorch                   Fire           34%        2d6       4%          2
 Kiss of Death            Conj/Necr      20%        2d7       11%         1
 Inner Flame              Hex/Fire       9%         N/A       22%         3
 Volatile Blastmotes      Fire/Tloc      18%        2d11      22%         3
 Confusing Touch          Hex            2%         N/A       43%         3
 Flame Wave               Conj/Fire      13%        2d6       45%         4
 Dispel Undead            Necr           2%         3d7       85%         4


Dungeon Overview and Level Annotations

Branches:
Dungeon (3/15)

Altars:
Cheibriados


Innate Abilities, Weirdness & Mutations

You cannot wear most types of armour.
You are amphibious.
You can wear up to eight rings at the same time.
Your skin changes colour to match your surroundings (Stealth+).
Your rubbery body absorbs attacks. (AC +1, EV +1)
((You are camouflaged when in or above water. (Stealth+)))
You have tentacles for arms and can constrict up to eight enemies at once.


Message History

The jackal bites you.
The orc wizard casts a spell.
The orc wizard flickers and vanishes!
Deactivating autopickup; reactivate with Ctrl-A.
You hear a bark!
You conjure some foxfire!
The jackal misses you. The jackal bites you. The orc closely misses you.
You closely miss the jackal. You grab the jackal.
The jackal is severely wounded.
You constrict the jackal.
The foxfire hits the jackal.
You kill the jackal!
The foxfire hits the orc.
The orc is severely wounded.
A jackal comes into view.
The orc closely misses you.
An orc priest comes into view. It is wielding a +0 short sword.
The orc completely misses you. The orc misses you.
The orc attacks as it pursues you! The orc closely misses you.
The orc attacks as it pursues you!
The orc hits you from afar with a +0 trident.
There is an open door here.
Things that are here:
a +0 short sword; 2 stones; a kobold corpse You miscast Foxfire.
You are very lightly contaminated with residual magic.
Nothing appears to happen.
Something barely misses you.
You hear some strange, mumbled words.
Something tries to affect you, but you resist.
The orc hits you from afar with a +0 trident!
Something hits you. The jackal attacks as it pursues you!
The jackal barely misses you.
The orc hits you from afar with a +0 trident!
* * * LOW HITPOINT WARNING * * *
The jackal bites you but does no damage.
You tentacle-slap the jackal but do no damage.
Your grab misses the jackal. The jackal closely misses you.
The orc hits you from afar with a +0 trident!
You die...

...#.########'#.##.#######
######.#.##.#######
#..................
#.............####.
#.....)..####.## #.
#........##....###.
#...o....##......#.
#........##......#.
#.@h.....##........
###########........
#........ #........
#........ ##.....#.
#######. #. #.


You could see an orc and a jackal.

Vanquished Creatures
  An adder (D:2)
  2 worms (D:2)
  A dart slug (D:3)
  An orc (D:3)
  7 ball pythons
  2 endoplasms
  3 giant cockroaches
  6 goblins
  5 hobgoblins
  A jackal (D:3)
  3 quokkas
  A bat (D:2)
  4 frilled lizards
  5 kobolds
  4 rats
46 creatures vanquished.

Vanquished Creatures (others)
  196 foxfires
196 creatures vanquished.

Grand Total: 242 creatures vanquished

Notes
Turn   | Place    | Note
-------+----------+-------------------------------------------
     0 | D:1      | AppTheSpectato the Octopode Fire Elementalist began the
                  | quest for the Orb.
     0 | D:1      | Reached XP level 1. HP: 11/11 MP: 3/3
   282 | D:1      | Found a faded altar of an unknown god.
   381 | D:1      | Reached XP level 2. HP: 12/17 MP: 3/5
  1036 | D:2      | Reached XP level 3. HP: 21/21 MP: 4/6
  2182 | D:3      | Found a snail-covered altar of Cheibriados.
  2187 | D:3      | Reached XP level 4. HP: 24/27 MP: 3/7
  2531 | D:3      | Slain by an orc

Illustrated notes

Levels and vault maps discovered:
D:1:      wander_arrival_estate, layout_rooms, shapermc_ecumenical_altar_gd
D:2:      layout_basic
D:3:      layout_basic, hellmonk_okawaru_the_only_friend_you_need,
          kennysheep_slug_shrine, minitemple, serial_shops,
          nicolae_shop_peninsula, biasface_ghost_orc_armoury

Action                     |  1- 3 |  4- 6 || total
---------------------------+-------+-------++-------
  Melee: Unarmed           |    20 |     3 ||    23
         Tentacles         |     4 |       ||     4
         Constrict         |     4 |     1 ||     5
   Cast: Foxfire           |    97 |    23 ||   120
   Stab: Sleeping          |     1 |       ||     1
 Armour: Skin              |    10 |     8 ||    18
  Dodge: Dodged            |    10 |     9 ||    19

Table legend: (Time is in decaauts)
 A = Elapsed time spent in this place.
 B = Non-inter-level travel time spent in this place.
 C = Inter-level travel time spent in this place.
 D = Time resting spent in this place.
 E = Time spent auto-exploring this place.
 F = Levels seen in this place.
 G = Mean time per level.
                   A        B        C        D        E       F      G
               +--------+--------+--------+--------+--------+-----+--------+
         Total |   2530 |   2461 |     69 |      0 |   2132 |   3 |  843.3 |
       Dungeon |   2530 |   2461 |     69 |      0 |   2132 |   3 |  843.3 |
               +--------+--------+--------+--------+--------+-----+--------+

Top non-repeatable levels by time:
     D:2: 1206 daAuts
     D:1: 913 daAuts
     D:3: 410 daAuts
